 Dungeon Crawl Stone Soup version 0.30-a0-1094-g860fb061e7 (webtiles) character file.

Game seed: 2739900280064542430

142 BlasphemerAmon the Covert (level 5, -10/24 (28) HPs)
             Began as a Kobold Enchanter on Apr 17, 2023.
             Mangled by Edmund
             ... wielding a +3 flail of draining
              (12 damage)
             ... on level 4 of the Dungeon.
             The game lasted 00:09:50 (2391 turns).

BlasphemerAmon the Covert (Kobold Enchanter)        Turns: 2391, Time: 00:09:51

HP:   -10/24 (28)   AC:  2    Str:  6    XL:     5   Next: 50%
MP:   2/8           EV: 15    Int: 16    God:
Gold: 149           SH:  0    Dex: 17    Spells: 3/8 levels left

rFire   . . .      SeeInvis .    l - +1 short sword (vamp)
rCold   . . .      Faith    .    (no shield)
rNeg    . . .      Spirit   .    b - +0 robe
rPois   .          Reflect  .    (no helmet)
rElec   .          Rampage  .    (no cloak)
rCorr   .                        (no gloves)
Will    .....                    (no boots)
Stlth   +++++                    (no amulet)
HPRegen 0.24/turn                (no ring)
MPRegen 0.11/turn                (no ring)

@: very slightly contaminated, heavily drained
A: small, no large weapons, nightstalker 3
a: no special abilities


You were on level 4 of the Dungeon.
You visited 1 branch of the dungeon, and saw 4 of its levels.

You collected 149 gold pieces.

Inventory:

Hand Weapons
 a - a +1 dagger
 l - a +1 vampiric short sword (weapon)
 m - a +1 short sword of draining
 p - a +2 hand axe of distortion
Armour
 b - a +0 robe (worn)
Jewellery
 g - a ring of flight
Scrolls
 d - 3 scrolls of identify {unknown}
 e - a scroll of blinking {unknown}
 n - a scroll of acquirement {unknown}
 o - a scroll of silence {unknown}
Potions
 c - a potion of berserk rage {unknown}
 f - a potion of resistance {unknown}
 h - a potion of curing {unknown}
 i - a potion of invisibility
 j - a potion of brilliance {unknown}
 k - a potion of lignification {unknown}


   Skills:
 - Level 1.3 Short Blades
 - Level 2.4 Dodging
 * Level 8.2 Stealth
 - Level 2.1 Spellcasting
 - Level 3.0 Hexes


You had 3 spell levels left.
You knew the following spells:

 Your Spells              Type           Power      Damage    Failure   Level
a - Ensorcelled Hibernat  Hex/Ice        12%        N/A       17%         2
b - Dazzling Flash        Conj/Hex       12%        N/A       32%         3

Your spell library contained the following spells:

 Spells                   Type           Power      Damage    Failure   Level
 Confusing Touch          Hex            11%        N/A       19%         3
 Tukima's Dance           Hex            11%        N/A       19%         3


Dungeon Overview and Level Annotations

Branches:
Dungeon (4/15)
 Temple: D:4-7

Altars:
Gozag
Ru
Vehumet

Annotations:
D:4 Edmund


Innate Abilities, Weirdness & Mutations

You are small and have problems with some larger weapons.
You are completely attuned to the shadows.


Message History

You barely miss the kobold.
The kobold is severely wounded.
The kobold barely misses you.
You barely miss the kobold.
The kobold is severely wounded.
The kobold hits you but does no damage.
You hit the kobold.
You feel better.
You kill the kobold!
You closely miss Edmund.
Edmund hits you with a +3 flail of draining.
You feel drained.
Cast which spell? (? or * to list)
Aiming: Ensorcelled Hibernation (safe; 17% risk of failure)
Press: ? - help, Shift-Dir - straight line, f - Edmund
Aim: Edmund, wielding a +3 flail of draining and wearing a +0 ring mail (chance to affect: 39%)
You miscast Ensorcelled Hibernation.
You are very lightly contaminated with residual magic.
Nothing appears to happen.
Edmund hits you with a +3 flail of draining.
You feel drained.
Casting: Ensorcelled Hibernation (safe; 17% risk of failure)
Confirm with . or Enter, or press ? or * to list all spells.
Aiming: Ensorcelled Hibernation (safe; 17% risk of failure)
Press: ? - help, Shift-Dir - straight line, f/p - Edmund
Aim: Edmund, wielding a +3 flail of draining and wearing a +0 ring mail (chance to affect: 39%)
You miscast Ensorcelled Hibernation.
Nothing appears to happen.
Edmund completely misses you. Edmund attacks as you move away!
Edmund hits you with a +3 flail of draining!
* * * LOW HITPOINT WARNING * * *
You feel drained.
Casting: Ensorcelled Hibernation (safe; 17% risk of failure)
Confirm with . or Enter, or press ? or * to list all spells.
Aiming: Ensorcelled Hibernation (safe; 17% risk of failure)
Press: ? - help, Shift-Dir - straight line, f/p - Edmund
Aim: Edmund, wielding a +3 flail of draining and wearing a +0 ring mail (chance to affect: 39%) Edmund resists with some effort.
Edmund hits you with a +3 flail of draining!
Ouch! That really hurt!
You die...

#.. ...
##### #.#
...# #)#
#..# #.#
.##..# #@#
#...<###@#
##.......#
##..####....
##.# .###
.## .# .# .#
.#


You could see Edmund.

Vanquished Creatures
  2 iguanas
  2 adders
  A worm (D:2)
  A dart slug (D:3)
  15 orcs
  An endoplasm (D:3)
  A giant cockroach (D:2)
  4 goblins
  3 hobgoblins
  3 jackals (D:3)
  3 ball pythons
  11 bats (D:3)
  2 frilled lizards (D:2)
  2 kobolds
  A rat (D:2)
52 creatures vanquished.

Notes
Turn   | Place    | Note
-------+----------+-------------------------------------------
     0 | D:1      | BlasphemerAmon the Kobold Enchanter began the quest for the
                  | Orb.
     0 | D:1      | Reached XP level 1. HP: 10/10 MP: 3/3
   339 | D:2      | Noticed an iguana
   467 | D:2      | Reached XP level 2. HP: 6/15 MP: 5/5
   475 | D:2      | Learned a level 2 spell: Ensorcelled Hibernation
   513 | D:2      | Reached skill level 6 in Stealth
   513 | D:2      | Reached XP level 3. HP: 7/19 MP: 0/6
   980 | D:2      | Reached XP level 4. HP: 24/24 MP: 7/7
  1272 | D:3      | Found a radiant altar of Vehumet.
  1417 | D:3      | Reached skill level 7 in Stealth
  1562 | D:3      | Learned a level 3 spell: Dazzling Flash
  1696 | D:3      | Reached XP level 5. HP: 25/28 MP: 2/8
  1922 | D:3      | Reached skill level 8 in Stealth
  1927 | D:3      | Found an opulent altar of Gozag.
  2306 | D:3      | Found a sacrificial altar of Ru.
  2372 | D:4      | Noticed Edmund
  2389 | D:4      | HP: 1/26 [Edmund/+3 flail of draining (10)]
  2391 | D:4      | Mangled by Edmund

Illustrated notes

Levels and vault maps discovered:
D:1:      dpeg_arrival_pond, layout_loops_corners,
          shapermc_ecumenical_altar_mp_vishouse
D:2:      layout_basic, dreamdust_princess_bridge, nicolae_underground_beach
D:3:      layout_loops_ring, vehumet_crystals, marbit_many_paths,
          nicolae_gozag_cash_rules_everything_around_me, roderic_batcave,
          kennysheep_generic_room_4
D:4:      layout_loops_cross, mainiacjoe_overflow_catwalk,
          ashenzari_conservatory_becter, mainiacjoe_overflow_small_starburst,
          kennysheep_mini, nicolae_dithmenos_the_darkroom, uniq_edmund,
          uniq_grinder

Skill      XL: |  1  2  3  4  5 |
---------------+----------------+-----
Stealth        | 6 7 8 |  8.2
Short Blades   | |  1.3
Dodging        | |  2.4
Spellcasting   | |  2.1
Hexes          | |  3.0

Action                     |  1- 3 |  4- 6 || total
---------------------------+-------+-------++-------
  Melee: Dagger            |    27 |    15 ||    42
         Short sword       |       |    81 ||    81
         Punch             |       |     1 ||     1
   Cast: Ensorcelled Hiber |     2 |    14 ||    16
    Use: Potion            |     2 |       ||     2
   Stab: Sleeping          |     7 |    20 ||    27
 Armour: Robe              |     1 |    27 ||    28
  Dodge: Dodged            |    20 |   112 ||   132

Table legend: (Time is in decaauts)
 A = Elapsed time spent in this place.
 B = Non-inter-level travel time spent in this place.
 C = Inter-level travel time spent in this place.
 D = Time resting spent in this place.
 E = Time spent auto-exploring this place.
 F = Levels seen in this place.
 G = Mean time per level.
                   A        B        C        D        E       F      G
               +--------+--------+--------+--------+--------+-----+--------+
         Total |   2383 |   2383 |      0 |    160 |      0 |   4 |  595.8 |
       Dungeon |   2383 |   2383 |      0 |    160 |      0 |   4 |  595.8 |
               +--------+--------+--------+--------+--------+-----+--------+

Top non-repeatable levels by time:
     D:3: 1111 daAuts
     D:2: 1105 daAuts
     D:1: 136 daAuts
     D:4: 29 daAuts
